 Dungeon Crawl Stone Soup version 0.20-a0-858-g654850e (webtiles) character file.

85 M4edhros the Sneak (level 4, 0/28 HPs)
             Began as an Octopode Artificer on Mar 12, 2017.
             Succumbed to a worker ant's poison
             ... on level 4 of the Dungeon.
             The game lasted 00:01:43 (1226 turns).

M4edhros the Sneak (Octopode Artificer)             Turns: 1226, Time: 00:01:44

Health: 0/28       AC:  5    Str: 11    XL:     4   Next: 48%
Magic:  6/6        EV: 19    Int: 13    God:
Gold:   43         SH:  0    Dex: 21    Spells: 3/3 levels left

rFire    + + +     SeeInvis .   l - +3 falchion "Yleseufo" {slice, rF++ Dex+3}
rCold    + . .     Gourm    .   (no shield)
rNeg     . . .     Faith    +   (helmet restricted)
rPois    +         Spirit   .   i - amulet of faith
rElec    +         Reflect  .   j - +4 ring of protection
rCorr    +         Harm     .   m - ring of teleportation (curse)
MR       .....     Rnd*Tele +   (no ring)
Stlth    ++++++....             (no ring)
Regen    0.1/turn               (no ring)
MPRegen  0.1/turn               (no ring)
                                (no ring)
                                (no ring)

@: agile, lethally poisoned (0 -> -5), resistant
A: almost no armour, stealthy swim, amphibious, 8 rings, constrict 8, camouflage
1, gelatinous body 1
a: no special abilities


You were on level 4 of the Dungeon.
You were not hungry.

You visited 1 branch of the dungeon, and saw 4 of its levels.

You collected 43 gold pieces.

Inventory:

Hand Weapons
 a - a +0 short sword
 l - the +3 falchion "Yleseufo" (weapon) {slice, rF++ Dex+3}
   (You found it on level 4 of the Dungeon)

   It inflicts extra damage upon your enemies.
   It affects your dexterity (+3).
   It greatly protects you from fire.
Jewellery
 i - an amulet of faith (around mantle)
 j - a +4 ring of protection (left tentacle)
 m - a cursed ring of teleportation (right tentacle)
Wands
 b - a wand of flame (14/48)
 c - a wand of enslavement (11/24)
 d - a wand of random effects (15/48)
Scrolls
 k - a scroll of immolation {unknown}
 n - a scroll of identify
Comestibles
 f - 2 bread rations
 h - 2 meat rations


   Skills:
 - Level 1.0 Fighting
 - Level 1.0 Short Blades
 - Level 2.0 Dodging
 + Level 6.0 Stealth
 - Level 3.2 Evocations


You had 3 spell levels left.
You didn't know any spells.

Dungeon Overview and Level Annotations

Branches:
Dungeon (4/15)
 Temple: D:4-7

Altars:
Okawaru
Ru

Annotations:
D:3 exclusion: door


Innate Abilities, Weirdness & Mutations

You cannot wear most types of armour.
You are very stealthy in the water. (Stealth+)
You are amphibious.
You can wear up to eight rings at the same time.
You can use your tentacles to constrict eight enemies at once.
Your skin changes colour to match your surroundings (Stealth+).
Your rubbery body absorbs attacks. (AC +1, EV +1)


Message History

You feel sick.
You see here a quokka corpse.
There are no objects that can be picked up here. a quokka corpse You butcher the quokka corpse.
* * * LOW HITPOINT WARNING * * *
You feel sick.
You see here a chunk of flesh.
* * * LOW HITPOINT WARNING * * *
You feel sick.
* * * LOW HITPOINT WARNING * * *
You feel sick.
Okay, then.
Evoke which item? (* to show all) (? for menu, Esc to quit)
Okay, then.
Evoke which item? (* to show all) (? for menu, Esc to quit)
Okay, then.
You feel agile all of a sudden.
You eat the royal jelly.
That royal jelly was delicious!
You die...

#.# .# #. #.# .# #.# #.#
#.# ..# #.# #.# ###.##
##..# #.# #.#
...........# #.# #.#
#... ..<..# #.# #.# #..#
##..######.####.#
#..###@..............#
#....a...######.######
###..........####.#
#.................#
......#%#####..#.######
#######.# #..#.# #.#
##....#######
#######.####...........#
..............#..#####.#


You could see a friendly worker ant.

Vanquished Creatures
  An orc priest (D:3)
  A worker ant (D:4)
  An adder (D:4)
  3 worms
  A dart slug (D:1)
  An orc (D:3)
  4 bats
  2 bat skeletons (D:2)
  A bat zombie (D:2)
  A giant cockroach (D:4)
  A hobgoblin (D:2)
  A quokka (D:4)
  A frilled lizard (D:3)
  2 giant cockroach zombies (D:2)
  A goblin (D:2)
  2 kobolds (D:1)
  A leopard gecko skeleton (D:2)
  2 quokka skeletons (D:2)
  2 rats
29 creatures vanquished.

Vanquished Creatures (collateral kills)
  2 orcs (D:3)
2 creatures vanquished.

Vanquished Creatures (others)
  An orc (D:3)
1 creature vanquished.

Grand Total: 32 creatures vanquished

Notes
Turn   | Place    | Note
-------+----------+-------------------------------------------
     0 | D:1      | M4edhros the Octopode Artificer began the quest for the Orb.
     0 | D:1      | Reached XP level 1. HP: 13/13 MP: 3/3
   209 | D:1      | Reached skill level 2 in Stealth
   341 | D:1      | Reached XP level 2. HP: 14/18 MP: 4/4
   383 | D:2      | Reached skill level 3 in Stealth
   637 | D:2      | Reached skill level 4 in Stealth
   657 | D:3      | Reached XP level 3. HP: 9/23 MP: 5/5
   959 | D:3      | Found an iron altar of Okawaru.
  1023 | D:3      | Reached skill level 5 in Stealth
  1024 | D:3      | Found a sacrificial altar of Ru.
  1082 | D:4      | Got a bloodstained falchion
  1083 | D:4      | Identified the +3 falchion "Yleseufo" {slice, rF++ Dex+3} (You found it on level 4 of the Dungeon)
  1108 | D:4      | Reached XP level 4. HP: 28/28 MP: 6/6
  1154 | D:4      | Reached skill level 6 in Stealth
  1223 | D:4      | HP: 1/28 [poisoned by a worker ant]
  1226 | D:4      | Succumbed to a worker ant's poison

Vault maps used:
D:1:      ncdulo_smallfort
D:2:      serial_undead, serial_undead_c, serial_undead_d, serial_undead_c,
          serial_undead_f, serial_undead_a, serial_undead_f,
          nicolae_ru_sacrificial_ziggurat, uniq_sigmund
D:3:      kennysheep_goblin_castle, old_standard_altar, lemuel_crystal_altar,
          first_bread, uniq_iyjb
D:4:      kennysheep_generic_room_6

Skill      XL: |  1  2  3  4 |
---------------+-------------+-----
Stealth        | 2 4 5 6 |  6.0
Fighting       | |  1.0
Short Blades   | |  1.0
Dodging        | |  2.0
Evocations     | |  3.2

Action                   |  1- 3 |  4- 6 || total
-------------------------+-------+-------++-------
Melee: Short sword       |    58 |       ||    58
       Constrict         |    20 |     1 ||    21
       Tentacles         |    10 |     2 ||    12
       Falchion          |     3 |     9 ||    12
Evoke: Wand              |     3 |     2 ||     5
  Use: Scroll            |     2 |       ||     2
       Potion            |       |     2 ||     2
 Stab: Sleeping          |     9 |     1 ||    10
       Distracted        |     2 |       ||     2
  Eat: Royal jelly       |       |     1 ||     1
Armor: Skin              |    27 |       ||    27
Dodge: Dodged            |    89 |     6 ||    95
       Rpst.: Falchion   |     1 |     1 ||     2
